 Dungeon Crawl Stone Soup version 0.18.1-48-g4cf74bf (webtiles) character file.

13479 tomaswak the Blocker (level 11, -3/99 HPs)
             Began as a Minotaur Fighter on Aug 8, 2016.
             Was an Elder of Trog.
             Slain by an 11-headed hydra (4 damage)
             ... on level 4 of the Lair of Beasts on Aug 9, 2016.
             The game lasted 01:11:56 (13922 turns).

tomaswak the Blocker (Minotaur Fighter)            Turns: 13922, Time: 01:11:57

Health: -3/99      AC: 21    Str: 30    XL:     11   Next: 76%
Magic:  10/10      EV:  2    Int:  3    God:    Trog [****..]
Gold:   174        SH:  0    Dex: 10    Spells: 0 memorised, 10 levels left

rFire  . . .     SeeInvis .     B - +4 hand axe
rCold  . . .     Gourm    .     Q - +3 plate armour {MR+}
rNeg   + + +     Faith    .     c - +0 shield
rPois  ∞         Spirit   .     (helmet unavailable)
rElec  .         Dismiss  .     (no cloak)
rCorr  .         Reflect  .     u - +0 pair of gloves
SustAt .         Harm     .     b - +0 pair of boots
MR     +....                    (no amulet)
Stlth  ..........               F - +4 ring of strength
                                h - ring of poison resistance

@: petrified, somewhat resistant to hostile enchantments, extremely unstealthy
A: retaliatory headbutt, horns 3, dopey 1, strong 1
a: Berserk, Trog's Hand, Brothers in Arms, Burn Spellbooks, Renounce Religion


You were on level 4 of the Lair of Beasts.
You worshipped Trog.
Trog was greatly pleased with you.
You were not hungry.

You visited 2 branches of the dungeon, and saw 13 of its levels.

You collected 825 gold pieces.
You spent 651 gold pieces at shops.

Inventory:

Hand Weapons
 a - a +0 war axe {kill}
 r - a +0 hand axe
 y - a +0 hand axe
 B - a +4 hand axe (weapon)
Armour
 b - a +0 pair of boots (worn)
 c - a +0 shield (worn)
 q - a +1 plate armour
 t - a +0 pair of boots
 u - a +0 pair of gloves (worn)
 Q - a +3 plate armour of magic resistance (worn)
Jewellery
 h - a ring of poison resistance (left hand)
 s - an uncursed ring of stealth
 F - a +4 ring of strength (right hand)
Wands
 I - a wand of teleportation (2/9)
Scrolls
 g - a scroll of identify
 k - 5 scrolls of remove curse
 n - 4 scrolls of recharging
 v - a scroll of brand weapon {unknown}
 w - 3 scrolls of fog
 A - a scroll of holy word
 M - 2 scrolls of magic mapping
Potions
 d - 4 potions of might
 e - a potion of curing
 j - 2 potions of flight
 l - 2 potions of magic
 x - 3 potions of berserk rage
 z - a potion of mutation
 C - a potion of resistance
 K - a potion of haste
Miscellaneous
 R - a stone of tremors
Comestibles
 f - 4 bread rations
 i - 4 meat rations
 o - a slice of pizza
 D - 2 royal jellies
 G - 2 beef jerkies
 H - 4 fruits


   Skills:
 + Level 9.9 Fighting
 * Level 11.7 Axes
 * Level 11.5 Armour
 - Level 4.5 Dodging
 - Level 1.5 Stealth
 * Level 12.4 Shields


You had 10 spell levels left.
You didn't know any spells.

Dungeon Overview and Level Annotations

Branches:
Dungeon (9/15)             Temple (0/1) D:5            Lair (4/8) D:9
  Swamp: Lair:3-6    Shoals: Lair:3-6     Snake: Lair:3-6    Spider: Lair:3-6
    Orc: D:9-12

Altars:
Cheibriados
Gozag
Makhleb
Qazlal
Ru
Trog
Xom
Zin
The Shining One

Shops:
D:5 [   D:8 *([(   D:9 [(:


Innate Abilities, Weirdness & Mutations

You reflexively headbutt those who attack you in melee.
You have a pair of large horns on your head.
You are dopey. (Int -2)
Your muscles are strong. (Str +2)


Message History

The basilisk bites you but does no damage.
The river rat bites you but does no damage.
You have turned to stone.
The 11-headed hydra bites you.
* * * LOW HITPOINT WARNING * * *
The 11-headed hydra bites you but does no damage. x2
The 11-headed hydra bites you.
* * * LOW HITPOINT WARNING * * *
The 11-headed hydra bites you!
* * * LOW HITPOINT WARNING * * *
The 11-headed hydra bites you but does no damage. x5
The 11-headed hydra bites you.
* * * LOW HITPOINT WARNING * * *
The basilisk bites you.
* * * LOW HITPOINT WARNING * * *
The river rat bites you but does no damage.
The basilisk bites you but does no damage.
The 11-headed hydra bites you but does no damage. x3
The 11-headed hydra bites you!
You die...

#.# ... # .. ..
.. ... .# t..#
# .## .....
###.##r#.P.P#
#....D@....#
#...#.l........
... #P...####..
# ##.##.# ...
... .P.. ##..
.... .P# ....##
##


You could see a 11-headed hydra, a basilisk, a crocodile and a river rat.

Vanquished Creatures
  The ghost of UnlimitedFusion the Ruffian, a novice TrFi of Okawaru (D:8)
  Pikel (D:7)
  5 black mambas
  2 spiny frogs (Lair:2)
  A rime drake (Lair:2)
  5 komodo dragons
  6 blink frogs
  A spriggan (Lair:3)
  A yak (Lair:2)
  A hungry ghost (D:8)
  Eustachio (D:4)
  3 hippogriffs
  A mottled dragon (D:9)
  3 water moccasins
  7 porcupines
  A slave (D:7)
  An orc warrior (D:9)
  An ice beast (D:6)
  A phantom (D:8)
  3 sky beasts
  3 black bears
  3 wolves (Lair:3)
  5 centaurs
  9 ogres
  2 crocodiles
  A big kobold (D:9)
  10 giant frogs
  A gnoll sergeant (D:5)
  5 scorpions
  12 wights
  2 howler monkeys
  3 electric eels (Lair:2)
  A centaur zombie (D:6)
  5 crimson imps
  A lava snake (D:7)
  3 hounds
  3 orc priests
  Crazy Yiuf (D:2)
  A centaur skeleton (D:4)
  4 giant frog skeletons
  3 worker ants
  9 iguanas
  5 orc wizards
  Terence (D:3)
  A killer bee zombie (D:7)
  4 hound skeletons
  3 worker ant zombies
  A howler monkey zombie (D:6)
  10 adders
  7 gnolls
  13 river rats (Lair:3)
  A shadow imp (D:7)
  An ooze (D:5)
  An adder zombie (D:6)
  4 adder skeletons
  A worm (D:5)
  4 dart slugs
  10 giant geckos
  22 orcs
  4 giant cockroaches
  9 goblins
  5 hobgoblins
  14 jackals
  A quokka (D:5)
  12 bats
  A giant cockroach zombie (D:6)
  A giant gecko zombie (D:6)
  6 giant newts
  14 kobolds
  2 rats
  A fungus (Lair:3)
  2 plants
294 creatures vanquished.

Vanquished Creatures (others)
  An orc wizard (D:7)
  4 orcs (D:7)
  7 fungi (Lair:3)
  9 plants
21 creatures vanquished.

Grand Total: 315 creatures vanquished

Notes
Turn   | Place    | Note
--------------------------------------------------------------
     0 | D:1      | tomaswak the Minotaur Fighter began the quest for the Orb.
     0 | D:1      | Reached XP level 1. HP: 19/19 MP: 0/0
    51 | D:1      | Reached XP level 2. HP: 19/27 MP: 1/1
   236 | D:1      | Reached skill level 4 in Shields
   380 | D:1      | Reached XP level 3. HP: 32/33 MP: 2/2
   858 | D:2      | Found a shimmering altar of Xom.
  1384 | D:2      | Reached skill level 1 in Dodging
  1384 | D:2      | Reached XP level 4. HP: 29/40 MP: 3/3
  1385 | D:2      | Found a burning altar of Makhleb.
  1424 | D:2      | Noticed Crazy Yiuf
  1432 | D:2      | Killed Crazy Yiuf
  1953 | D:2      | Reached XP level 5. HP: 46/46 MP: 4/4
  2187 | D:3      | Found a faded altar to an unknown god.
  2209 | D:3      | Noticed Terence
  2215 | D:3      | Killed Terence
  2344 | D:3      | Found an opulent altar of Gozag.
  2779 | D:3      | Reached skill level 5 in Shields
  3019 | D:4      | Reached XP level 6. HP: 51/53 MP: 5/5
  3024 | D:4      | Reached skill level 5 in Armour
  3333 | D:4      | Found a bloodstained altar of Trog.
  3398 | D:4      | Became a worshipper of Trog the Wrathful
  3531 | D:4      | Reached skill level 1 in Stealth
  3560 | D:4      | Reached XP level 7. HP: 46/60 MP: 6/6
  3732 | D:4      | Noticed Eustachio
  3753 | D:4      | Killed Eustachio
  3753 | D:4      | Reached skill level 5 in Fighting
  3753 | D:4      | Reached skill level 6 in Shields
  3806 | D:4      | Reached skill level 5 in Axes
  4615 | D:5      | Entered Level 5 of the Dungeon
  4675 | D:5      | Reached XP level 8. HP: 69/69 MP: 7/7
  4688 | D:5      | Reached * piety under Trog
  4864 | D:5      | Found a staircase to the Ecumenical Temple.
  4922 | D:5      | Found Vuuluwkavva's Antique Armour Boutique.
  5020 | D:5      | Found a glowing silver altar of Zin.
  5522 | D:6      | Reached skill level 7 in Shields
  5818 | D:6      | Reached XP level 9. HP: 78/78 MP: 8/8
  5888 | D:6      | Gained mutation: You are dopey. (Int -2) [potion of mutation]
  5888 | D:6      | Gained mutation: You have a pair of large horns on your head. [potion of mutation]
  5888 | D:6      | Gained mutation: Your muscles are strong. (Str +2) [potion of mutation]
  6072 | D:6      | Reached skill level 8 in Shields
  6858 | D:7      | Noticed Pikel
  6882 | D:7      | Killed Pikel
  6882 | D:7      | Reached ** piety under Trog
  7302 | D:7      | Found a snail-covered altar of Cheibriados.
  7752 | D:7      | Reached skill level 9 in Shields
  7842 | D:8      | Found Dies's Antique Armour Shoppe.
  7842 | D:8      | Found Ceuch's Weapon Shoppe.
  7913 | D:8      | Reached XP level 10. HP: 40/88 MP: 9/9
  8117 | D:8      | Bought a glowing chain mail for 99 gold pieces
  8173 | D:8      | Found a sacrificial altar of Ru.
  8215 | D:8      | You fall through a shaft!
  8478 | D:9      | Found a stormy altar of Qazlal.
  8659 | D:9      | Reached skill level 10 in Shields
  8744 | D:9      | Found a glowing golden altar of the Shining One.
  8874 | D:9      | Found Rafat's Antique Weapon Shoppe.
  8879 | D:9      | Found Tigut's Antique Armour Boutique.
  8879 | D:9      | Found Ocoluh's Book Shop.
  9368 | D:9      | Found a staircase to the Lair.
  9530 | D:8      | Found Ugiahap's Assorted Antiques.
  9650 | D:8      | Found Ziolugh's Weapon Boutique.
  9727 | D:8      | Noticed UnlimitedFusion's ghost (novice TrFi)
  9754 | D:8      | Killed UnlimitedFusion's ghost
  9754 | D:8      | Reached skill level 10 in Axes
 10142 | D:9      | Reached skill level 10 in Armour
 10251 | D:9      | Bought a glowing plate armour for 552 gold pieces
 10413 | Lair:1   | Entered Level 1 of the Lair of Beasts
 10413 | Lair:1   | Noticed a black mamba
 10425 | Lair:1   | Killed a black mamba
 10425 | Lair:1   | Reached skill level 11 in Shields
 10710 | Lair:1   | Reached XP level 11. HP: 95/95 MP: 10/10
 10983 | Lair:1   | Reached *** piety under Trog
 12123 | Lair:2   | Reached skill level 12 in Shields
 12931 | Lair:3   | Reached **** piety under Trog
 12935 | Lair:3   | Noticed a four-headed hydra
 12951 | Lair:3   | HP: 3/99 [11-headed hydra (6)]
 13385 | Lair:3   | HP: 3/99 [16-headed hydra (8)]
 13807 | Lair:3   | Noticed a six-headed hydra
 13921 | Lair:4   | HP: 3/99 [11-headed hydra (2)]
 13921 | Lair:4   | HP: 1/99 [basilisk (2)]
 13922 | Lair:4   | Slain by an 11-headed hydra

Skill      XL: |  1  2  3  4  5  6  7  8  9 10 11 |
---------------+----------------------------------+-----
Armour         | 4 5 6 7 8 10 11 | 11.5
Shields        | 4 5 6 7 9 11 12 | 12.4
Fighting       | 4 5 6 7 8 9 |  9.9
Axes           | 3 4 5 7 9 10 11 | 11.7
Dodging        | 1 2 3 4 |  4.5
Stealth        | 1 |  1.5

Action                   |  1- 3 |  4- 6 |  7- 9 | 10-12 || total
-------------------------+-------+-------+-------+-------++-------
Melee: War axe           |   101 |   139 |   220 |       ||   460
       Headbutt          |    13 |    26 |    77 |   104 ||   220
       Hand axe          |       |       |   144 |   430 ||   574
Invok: Berserk           |       |       |       |     1 ||     1
  Use: Scroll            |     3 |     8 |     9 |    13 ||    33
       Potion            |     6 |     2 |     2 |     2 ||    12
  Eat: Bread ration      |     1 |     1 |     3 |       ||     5
       Pizza             |       |     1 |       |     9 ||    10
       Royal jelly       |       |     1 |       |       ||     1
       Meat ration       |       |       |       |     2 ||     2
Armor: Scale mail        |    54 |    43 |    16 |       ||   113
       Chain mail        |       |       |    30 |       ||    30
       Plate armour      |       |       |   126 |   225 ||   351
Dodge: Dodged            |    26 |    57 |   123 |   121 ||   327
Block: Shield            |    45 |    82 |   224 |   275 ||   626
